Map: Ley Lines

Players

LiquidMaNa (MaNa) - Winner!

  • Race: Protoss Protoss
  • League: Grandmaster
  • Spawn Location: 1:00

DnS

  • Race: Protoss Protoss
  • Spawn Location: 7:00

Event: HomeStory Cup XXVII

VOD

Have the link to the VOD?

Description

Time

  • Played on: June 27, 2025, 6:19 a.m.
  • Length: 6:40

All games in this series

Show
View Real Time Build Order
Export as new Build Order

LiquidMaNa Protoss - Winner!

Build Orders: Oracle Opening, Blink Stalkers 

Get SALT Encoding   

  12  0:00  Probe  
  13  0:12  Probe  
  14  0:17  Pylon  
  14  0:24  Probe  
  15  0:32  Probe  
  15  0:35  Gateway  
  15  0:40  Probe  
  16  0:46  Assimilator  
  17  0:51  Probe  
  18  0:59  Probe  
  19  1:04  Assimilator  
  19  1:07  Probe  
  19  1:10  Gateway  
  20  1:17  Probe  
  20  1:24  Cybernetics Core  
  21  1:29  Probe  
  22  1:35  Pylon  
  22  1:41  Probe  
  23  1:53  Probe  
  24  2:00  Stargate  
  24  2:01  Adept  
  26  2:06  Adept  
  28  2:09  Probe  
  28  2:13  Warp Gate  
  29  2:20  Pylon  
  29  2:29  Stalker  
  31  2:39  Oracle  
  34  2:53  Probe  
  34  2:54  Stalker  
  37  3:12  Nexus  
  37  3:24  Probe  
  37  3:26  Pylon  
  38  3:33  Twilight Council  
  38  3:36  Probe  
  39  3:48  Probe, Blink  
  40  4:00  Gateway, Probe  
  40  4:02  Stalker  
  43  4:03  Stalker  
  41  4:26  Probe  
  41  4:28  Stalker  
  41  4:29  Stalker  
  46  4:33  Probe  
  47  4:38  Probe  
  47  4:45  Probe  
  49  4:51  Stalker x2  
  53  4:54  Stalker  
  53  4:56  Probe  
  53  4:58  Probe  
  57  5:08  Pylon, Probe  
  59  5:15  Stalker x2  
  62  5:26  Stalker  
  62  5:27  Gateway  
  66  5:33  Pylon  
  66  5:38  Stalker x2  
  68  5:44  Probe  
  68  5:45  Pylon, Probe  
  70  5:52  Stalker  
  70  5:56  Probe  
  73  5:57  Probe  
  68  6:08  Probe  
  69  6:12  Probe  
  69  6:16  Stalker x2  
  69  6:17  Stalker  
  74  6:20  Probe  
  74  6:24  Probe  
Show
View Real Time Build Order
Export as new Build Order

DnS Protoss 

Build Orders: Blink Stalkers 

Get SALT Encoding   

  12  0:00  Probe  
  13  0:12  Probe  
  14  0:17  Pylon  
  14  0:24  Probe  
  15  0:32  Probe  
  15  0:36  Gateway  
  15  0:40  Probe  
  16  0:45  Assimilator  
  17  0:51  Probe  
  17  0:53  Assimilator  
  18  0:59  Probe  
  19  1:06  Gateway  
  19  1:07  Probe  
  20  1:17  Probe  
  20  1:23  Cybernetics Core  
  21  1:29  Probe  
  22  1:33  Pylon  
  22  1:41  Probe  
  23  1:53  Probe  
  24  1:57  Stalker  
  24  1:59  Sentry  
  24  2:00  Warp Gate  
  28  2:10  Pylon  
  28  2:22  Sentry  
  30  2:35  Sentry  
  32  2:42  Probe, Nexus  
  33  2:49  Shield Battery  
  33  2:55  Probe  
  34  3:04  Twilight Council  
  34  3:08  Probe  
  35  3:13  Shield Battery  
  35  3:15  Blink  
  34  3:20  Probe  
  35  3:27  Pylon  
  35  3:32  Probe  
  35  3:33  Shield Battery  
  36  3:47  Probe  
  36  3:49  Stalker x2  
  36  3:51  Probe  
  41  3:57  Probe  
  41  3:59  Probe  
  42  4:05  Probe  
  42  4:09  Probe  
  44  4:15  Stalker  
  45  4:26  Probe x2  
  47  4:38  Probe x2  
  47  4:45  Nexus  
  48  4:50  Probe x2  
  50  4:53  Pylon  
  50  5:01  Stalker  
  50  5:02  Probe  
  50  5:03  Probe  
  50  5:04  Pylon  
  50  5:06  Stalker x2  
  54  5:12  Stalker  
  56  5:14  Probe  
  56  5:15  Probe  
  56  5:16  Robotics Facility  
  58  5:27  Probe, Shield Battery  
  59  5:28  Pylon  
  59  5:29  Probe  
  60  5:38  Stalker x2  
  60  5:39  Probe  
  60  5:42  Probe  
  66  5:43  Assimilator  
  66  5:51  Forge, Probe  
  66  5:54  Probe  
  66  5:56  Pylon  
  64  6:02  Stalker  
  60  6:07  Stalker  
  53  6:21  Probe  
  54  6:25  Stalker  
Tags
 
Add a new tag
Caveats
  • Supply blocks, unpowered buildings, or Contaminate may cause inaccurate times.
  • Supply counts are checked every 10 seconds.